 BcadrenCrawl: Boulder Brew version 0.03.1-18-ga1e7dfb (webtiles) character file.

Game seed: 17642778200611128627, levelgen mode: deterministic

847 Kalegnar the Magician (level 7, 0/5 HPs) Fairy Air Elementalist. Began on Dec 18, 2020. Slain by a sewer rat (1 damage) ... on level 2 of the Dungeon. The game lasted 00:10:33 (1622 turns).

Kalegnar the Magician (Fairy Air Elementalist)      Turns: 1622, Time: 00:10:34

Health: 0/5        AC:  0    Str:  2    XL:     7 ^: 216
Magic:  3/3        EV:  9    Int: 19    God:
Gold:   68         SH:  0    Dex: 18    Spells: 6/19 levels left

rFire    . . .     Vision   .   d - ring of protection from magic
rCold    . . .     Gourm    .
rNeg     . . .     Faith    .
rPois    .         Spirit   .
rElec    .         Reflect  .
rCorr    .         Harm     .
MR       ++...
Stlth    +.........
HPRegen  0.11/turn
MPRegen  0.13/turn

@: flying, glowing, slow
A: tiny, no armour or weapons, only one jewelry slot, no melee attacks, fairy
magic, fairy shield, fairy light, decreased potion and divine healing, slowness
1, able to fly, insubstantial
a: Stop Flying


You were on level 2 of the Dungeon.
You were not hungry.

You visited 1 branch of the dungeon, and saw 3 of its levels.

You collected 68 gold pieces.

Inventory:

Jewellery
 d - a ring of protection from magic (around core)
Scrolls
 c - a scroll of bless item
 g - a scroll of teleportation
 h - a scroll of enchantment
 i - 2 scrolls of torment
 j - 2 scrolls of vulnerability
 n - a scroll of holy word
 o - a scroll of immolation
 q - a scroll of fear
Potions
 a - 2 potions of curing
 e - a potion of cancellation
 f - a potion of invisibility
 k - a potion of mutation
 l - a potion of ambrosia
 m - 2 potions of might
Comestibles
 b - 8 rations
 p - 8 chunks of flesh


   Skills:
 - Level 4.0 Dodging
 - Level 1.4 Stealth
 + Level 6.9 Spellcasting
 + Level 6.6 Air Magic


You had 6 spell levels left.
You knew the following spells:

 Your Spells              Type           Power        Failure   Level  Hunger
a - Shock                 Air            25 (25)      1%          1    None
b - Swiftness             Chrm/Air       19 (100)     4%          2    None
c - Static Discharge      Air            31 (100)     1%          3    #......
d - Airstrike             Air            31 (200)     6%          4    ###....
e - Mephitic Cloud        Pois/Air       19 (100)     8%          3    #......

Your spell library contained the following spells:

 Spells                   Type           Power        Failure   Level  Hunger
 Flame Tongue             Fire           6 (30)       11%         1    None
 Blink                    Tloc           N/A          16%         2    None
 Call Imp                 Summ           6 (100)      16%         2    None
 Slow                     Hex            6 (100)      16%         2    None
 Lightning Bolt           Air            31 (200)     19%         5    #####..
 Conjure Flame            Fire           6 (100)      30%         3    #......


Dungeon Overview and Level Annotations

Branches:
Dungeon (3/8)

Altars:
Dithmenos
Qazlal


Innate Abilities, Weirdness & Mutations

You are too small to use any gear.
You can wear a single ring or amulet completely around your body.
You are incapable of melee of any kind.
Your magic reserves are extremely low but spells that normally cost one mana are free and all other spells cost one mana.
You are extremely frail but all attacks that strike you do exactly one damage.
You exude a bright light in a small radius around yourself.
The effect of potions and godly healing effects is reduced to match your tiny health and magic reserves.
You cover ground slowly.
You can fly continuously.
Your insubstantial form boosts your evasion and grants immunity to sticky flames, nets and constriction.


Message History

Casting: Shock (safe; 1% risk of failure)
Confirm with . or Enter, or press ? or * to list all spells.
Aiming: Shock (safe; 1% risk of failure)
Press: ? - help, Shift-Dir - straight line The zap hits the sewer rat (4).
The sewer rat is electrocuted!
You kill the sewer rat!
You hear a splash.
The zap hits the sewer rat (3).
The sewer rat is electrocuted!
The sewer rat is severely wounded. (3/10) HP The sewer rat bites you (5).
The sewer rat bites you (2).
* * * LOW HITPOINT WARNING * * *
Casting: Shock (safe; 1% risk of failure)
Confirm with . or Enter, or press ? or * to list all spells.
Aiming: Shock (safe; 1% risk of failure)
Press: ? - help, Shift-Dir - straight line The zap misses the sewer rat.
The zap hits the sewer rat but does no damage (0).
The sewer rat is severely wounded. (3/10) HP The sewer rat bites you (1).
You die...

≈≈≈≈≈≈≈# .≈#≈
#≈≈≈≈≈b# ### ##...# #
#≈≈§≈≈≈#
#≈.#####...≈# #
#≈≈≈≈≈≈# PPP#≈#≈..≈≈
###≈≈≈≈≈≈#.
#P#≈..≈≈..
.##.≈≈≈≈P#≈≈#P##....#
≈.≈...≈≈≈.≈.P..##≈††#
...≈.;≈≈.###
#≈≈#r#††#
......≈≈...#
#..@r#≈.r..
≈≈.†≈.≈≈.#..
#≈..≈#≈##r..#
###.≈.≈≈≈# . ##≈.####
.## #.≈≈≈..≈≈# ##≈≈##
# ...≈≈≈.≈≈# ##≈≈##
.≈#≈≈≈≈.≈###...≈#
.≈#≈≈≈≈≈.##≈...≈# P
.≈#≈≈≈≈≈≈##<.#.## .#
#..b≈≈≈≈.#....###..#


You could see 2 submerged sewer rats.

Vanquished Creatures
  2 scorpions (D:3)
  An ogre (D:3)
  A big kobold (D:2)
  2 bullfrogs (D:2)
  2 jellies (D:2)
  3 giant cockroaches
  5 gnolls
  15 sewer rats (D:2)
  5 cinder newts
  3 dart slugs (D:1)
  A leopard gecko (D:1)
  6 bats
  6 goblins (D:1)
  6 hobgoblins (D:1)
  14 kobolds
  An orc skeleton (D:2)
  4 rats (D:1)
  3 withered plants (D:2)
80 creatures vanquished.

Vanquished Creatures (others)
  A jelly (D:2)
  A giant cockroach (D:2)
  A sewer rat (D:2)
  A bat skeleton (D:2)
  A slimehead (D:2)
  61 withered plants (D:2)
66 creatures vanquished.

Grand Total: 146 creatures vanquished

Notes
Turn   | Place    | Note
-------+----------+-------------------------------------------
     0 | D:1      | Kalegnar the Fairy Air Elementalist began the quest for the
                  | Orb.
     0 | D:1      | Reached XP level 1. HP: 3/3 MP: 3/3
    86 | D:1      | Reached XP level 2. HP: 1/3 MP: 3/3
   101 | D:1      | Learned a level 2 spell: Swiftness
   204 | D:1      | Reached XP level 3. HP: 4/4 MP: 3/3
   209 | D:1      | Learned a level 3 spell: Static Discharge
   621 | D:1      | Reached XP level 4. HP: 4/4 MP: 3/3
   815 | D:2      | Noticed a big kobold
   828 | D:2      | Reached XP level 5. HP: 3/4 MP: 3/3
  1063 | D:2      | Noticed a water moccasin
  1210 | D:3      | Noticed a scorpion
  1211 | D:3      | Reached skill level 5 in Spellcasting
  1211 | D:3      | Reached skill level 5 in Air Magic
  1211 | D:3      | Reached XP level 6. HP: 5/5 MP: 3/3
  1220 | D:3      | Learned a level 4 spell: Airstrike
  1224 | D:3      | Learned a level 3 spell: Mephitic Cloud
  1357 | D:3      | Found a stormy altar of Qazlal.
  1432 | D:2      | Found a shadowy altar of Dithmenos.
  1505 | D:3      | Noticed a scorpion
  1508 | D:3      | Killed a scorpion
  1508 | D:3      | Reached XP level 7. HP: 5/5 MP: 2/3
  1622 | D:2      | Slain by a sewer rat

Levels and vault maps discovered:
D:1:      lightli_arrival_lavapool, layout_basic, minmay_bisected
D:2:      lemuel_upstairs_altar, layout_sewer, first_ration,
          grunt_dithmenos_shadows
D:3:      layout_loops_corners, basic_altar

Skill      XL: |  1  2  3  4  5  6  7 |
---------------+----------------------+-----
Dodging        | 3 4 |  4.0
Spellcasting   | 3 4 5 6 |  6.9
Air Magic      | 4 5 6 |  6.6
Stealth        | |  1.4

Action                   |  1- 3 |  4- 6 |  7- 9 || total
-------------------------+-------+-------+-------++-------
 Cast: Shock             |    58 |    65 |    41 ||   164
       Swiftness         |       |     2 |       ||     2
       Airstrike         |       |     4 |     1 ||     5
       Static Discharge  |       |       |     1 ||     1
 Abil: Fly               |     1 |       |       ||     1
  Eat: Chunk             |       |     3 |     1 ||     4
Dodge: Dodged            |     7 |     8 |    10 ||    25
